 Dungeon Crawl Stone Soup version 0.19-a0-895-gdbd5520 (webtiles) character file.

379 zxkuqyb the Cutter (level 7, 0/44 HPs)
             Began as a Kobold Berserker on July 5, 2016.
             Was a Priest of Trog.
             Slain by an ice beast (12 damage)
             ... on level 5 of the Dungeon.
             The game lasted 00:12:07 (3399 turns).

zxkuqyb the Cutter (Kobold Berserker)               Turns: 3399, Time: 00:12:08

Health: 0/44       AC:  3    Str: 16    XL:     7   Next: 4%
Magic:  7/7        EV: 16    Int:  5    God:    Trog [***...]
Gold:   258        SH:  0    Dex: 17    Spells: 0 memorised, 6 levels left

rFire  . . .     SeeInvis .     C - +1 dagger (holy)
rCold  . . .     Gourm    .     y - +0 leather armour
rNeg   . . .     Faith    .     (shield restricted)
rPois  .         Spirit   .     (no helmet)
rElec  .         Dismiss  .     (no cloak)
rCorr  .         Reflect  .     (no gloves)
SustAt .         Harm     .     (no boots)
MR     ++...                    (no amulet)
Stlth  +++.......               (no ring)
                                (no ring)

@: regenerating, very resistant to hostile enchantments, fairly stealthy
A: carnivore 3
a: Berserk, Trog's Hand, Burn Spellbooks, Renounce Religion


You were on level 5 of the Dungeon.
You worshipped Trog.
Trog was most pleased with you.
You were not hungry.

You visited 1 branch of the dungeon, and saw 5 of its levels.

You collected 258 gold pieces.

Inventory:

Hand Weapons
 a - a +0 short sword
 C - a +1 dagger of holy wrath (weapon)
Missiles
 u - 35 poisoned needles
 v - 86 stones (quivered)
Armour
 b - a +0 animal skin
 i - a +0 buckler
 j - a +0 buckler
 y - a +0 leather armour (worn)
Jewellery
 o - an uncursed ring of stealth {unknown}
Scrolls
 e - 2 scrolls of noise {unknown}
 f - 2 scrolls of enchant weapon {unknown}
 g - a scroll of enchant armour {unknown}
 k - a scroll of immolation {unknown}
 n - 3 scrolls of teleportation {unknown}
 p - 2 scrolls of recharging {unknown}
 q - 5 scrolls of identify {unknown}
 r - a scroll of remove curse {unknown}
 t - 3 scrolls of random uselessness {unknown}
 w - a scroll of fog {unknown}
Potions
 d - 4 potions of berserk rage {unknown}
 l - a potion of magic {unknown}
 m - 5 potions of curing {unknown}
 s - a potion of invisibility {unknown}
 z - a potion of lignification {unknown}
 A - a potion of brilliance {unknown}
 B - a potion of heal wounds {unknown}
Comestibles
 c - 4 meat rations
 h - 3 slices of pizza
 x - 2 beef jerkies


   Skills:
 + Level 4.6 Fighting
 * Level 6.3 Short Blades
 + Level 2.6 Armour
 + Level 4.2 Dodging
 + Level 3.3 Stealth


You had 6 spell levels left.
You didn't know any spells.

Dungeon Overview and Level Annotations

Branches:
Dungeon (5/15)
 Temple: D:4-7

Altars:
Vehumet

Shops:
D:4 [

Annotations:
D:2 1 exclusion
D:3 1 exclusion
D:4 1 exclusion
D:5 1 exclusion


Innate Abilities, Weirdness & Mutations

You are small and have problems with some larger weapons.
You are carnivorous and can eat meat at any time.


Message History

The ice beast hits you. The ice beast freezes you!
* * * LOW HITPOINT WARNING * * *
You hit the ice beast.
The ice beast is heavily wounded.
The ice beast closely misses you.
You closely miss the ice beast.
The ice beast is heavily wounded.
Your skin crawls.
You feel resistant to hostile enchantments.
You feel somewhat more hungry. The ice beast misses you.
You barely miss the ice beast.
The ice beast is heavily wounded.
The ice beast hits you. The ice beast freezes you!
* * * LOW HITPOINT WARNING * * *
You hit the ice beast but do no damage.
The ice beast is heavily wounded.
The ice beast hits you.
* * * LOW HITPOINT WARNING * * *
The ice beast freezes you!
You die...

.# #.##
#######..##.##
## #.##
#.####)###
####..#### #.#
##..##
..#......#
#.## ##..##
.......###
#..# ##..#
.....### #..#
##.## .....#
##.## ##.#
..##..# ##.##
### .####.#
##@## .. #.#
##Y## .. #.###
#..# # #....#
#..#
###....##..##
........#...#
............#
#..........#
#..........#


You could see an ice beast.

Vanquished Creatures
  Sigmund (D:4)
  3 orc wizards (D:5)
  4 adders
  An ooze (D:2)
  An adder skeleton (D:5)
  A worm (D:2)
  4 dart slugs
  2 giant geckos
  7 orcs
  2 ball pythons (D:1)
  3 giant cockroaches
  4 hobgoblins
  7 jackals
  5 kobolds
  3 quokkas
  11 bats
  5 giant newts
  12 goblins
  9 rats
85 creatures vanquished.

Notes
Turn   | Place    | Note
-------+----------+-------------------------------------------
     0 | D:1      | zxkuqyb the Kobold Berserker began the quest for the Orb.
     0 | D:1      | Reached XP level 1. HP: 14/14 MP: 1/1
    70 | D:1      | Reached XP level 2. HP: 9/19 MP: 2/2
   494 | D:1      | Reached skill level 1 in Stealth
   494 | D:1      | Reached XP level 3. HP: 7/23 MP: 3/3
   743 | D:1      | Reached ** piety under Trog
  1337 | D:2      | Reached XP level 4. HP: 19/28 MP: 4/4
  1587 | D:2      | Reached *** piety under Trog
  1775 | D:2      | Found a radiant altar of Vehumet.
  1979 | D:2      | Reached XP level 5. HP: 29/33 MP: 5/5
  2168 | D:3      | Found a faded altar of an unknown god.
  2406 | D:3      | Reached skill level 5 in Short Blades
  2619 | D:4      | Noticed Sigmund
  2633 | D:4      | Killed Sigmund
  2633 | D:4      | Reached XP level 6. HP: 38/38 MP: 6/6
  2714 | D:4      | Found Obublopn's Armour Emporium.
  2982 | D:4      | Reached skill level 6 in Short Blades
  3171 | D:5      | Entered Level 5 of the Dungeon
  3261 | D:5      | Reached XP level 7. HP: 40/44 MP: 7/7
  3399 | D:5      | Slain by an ice beast

Vault maps used:
D:1:      saegor_arrival_simple_d
D:2:      lemuel_doored_altar, minmay_small_reverse_x
D:3:      ecumenical_altar_2
D:4:      serial_shops, nicolae_shop_stone, feat_on_display, uniq_sigmund
D:5:      lemuel_crystal_altar, first_bread

Skill      XL: |  1  2  3  4  5  6 |
---------------+-------------------+-----
Stealth        | 1 2 3 |  3.3
Dodging        | 3 4 |  4.2
Armour         | 2 |  2.6
Short Blades   | 5 6 |  6.3
Fighting       | 4 |  4.6

Action                   |  1- 3 |  4- 6 |  7- 9 || total
-------------------------+-------+-------+-------++-------
Melee: Short sword       |   135 |   197 |       ||   332
       Dagger            |       |       |    31 ||    31
Invok: Berserk           |       |     2 |       ||     2
       Trog's Hand       |       |       |     1 ||     1
 Stab: Sleeping          |     3 |     4 |       ||     7
  Eat: Chunk             |     8 |     3 |     1 ||    12
Armor: Animal skin       |    19 |    18 |       ||    37
       Leather armour    |       |     3 |       ||     3
Dodge: Dodged            |   142 |   119 |    18 ||   279
